 Dungeon Crawl Stone Soup version 0.20-a0-1043-gbd57889 (console) character file.

93 raselius the Covered (level 4, -2/40 HPs)
             Began as a Minotaur Fighter on Apr 24, 2017.
             Slain by Grinder (6 damage)
             ... on level 3 of the Dungeon.
             The game lasted 00:05:04 (1516 turns).

raselius the Covered (Minotaur Fighter)             Turns: 1516, Time: 00:05:05

Health: -2/40      AC:  7    Str: 21    XL:     4   Next: 36%
Magic:  3/3        EV:  7    Int:  6    God:
Gold:   155        SH:  9    Dex:  9    Spells: 3/3 levels left

rFire    . . .     SeeInvis .   a - +0 war axe
rCold    . . .     Gourm    .   c - +0 shield
rNeg     . . .     Faith    .   b - +0 scale mail
rPois    .         Spirit   .   (helmet restricted)
rElec    .         Reflect  .   (no cloak)
rCorr    .         Harm     .   (no gloves)
MR       .....                  (no boots)
Stlth    ..........             (no amulet)
Regen    0.2/turn               (no ring)
MPRegen  0.1/turn               (no ring)

@: no status effects
A: retaliatory headbutt, horns 2
a: no special abilities


You were on level 3 of the Dungeon.
You were not hungry.

You visited 1 branch of the dungeon, and saw 3 of its levels.

You collected 155 gold pieces.

Inventory:

Hand Weapons
 a - a +0 war axe (weapon)
Armour
 b - a +0 scale mail (worn)
 c - a +0 shield (worn)
Jewellery
 r - a +1 ring of evasion {unknown}
Scrolls
 g - 3 scrolls of identify
 h - a scroll of magic mapping
 i - a scroll of enchant armour {unknown}
 k - a scroll of amnesia {unknown}
 m - 4 scrolls of recharging {unknown}
 n - 2 scrolls of remove curse {unknown}
 o - a scroll of fear {unknown}
 q - 5 scrolls of teleportation {unknown}
Potions
 d - a potion of might
 e - a potion of degeneration {unknown}
 p - a potion of mutation {unknown}
 s - a potion of lignification {unknown}
 t - a potion of berserk rage {unknown}
Comestibles
 f - 3 bread rations
 j - a meat ration
 l - 3 royal jellies


   Skills:
 + Level 4.2 Fighting
 + Level 3.3 Axes
 - Level 4.5 Armour
 - Level 0.7 Dodging
 - Level 0.1 Stealth
 - Level 4.4 Shields


You had 3 spell levels left.
You didn't know any spells.

Dungeon Overview and Level Annotations

Branches:
Dungeon (3/15)

Altars:
Dithmenos

Annotations:
D:3 Grinder


Innate Abilities, Weirdness & Mutations

You reflexively headbutt those who attack you in melee.
You have a pair of horns on your head.


Message History

You are too injured to fight recklessly!
You are too injured to fight recklessly!
You are too injured to fight recklessly!
You are too injured to fight recklessly!
You are too injured to fight recklessly!
Grinder blinks!
The bat hits you but does no damage. Grinder gestures at you.
Pain shoots through your body!
* * * LOW HITPOINT WARNING * * *
The bat hits you but does no damage. Grinder gestures at you.
You barely resist.
Grinder says, "Mostly I couldn't keep them alive."
The bat hits you but does no damage. The bat hits you but does no damage.
The bat barely misses you. The bat hits you but does no damage.
Grinder hits you but does no damage. The bat hits you but does no damage.
Grinder hits you.
You die...

#.# #.# #.# #.# #.#
.######.########
........5....... #.@#
##.# #########b#######
#................
#.#####.#######.#######
#.......# #.# ######..#
#.# #..# ... ##..# #..
.....


You could see Grinder and a bat.

Vanquished Creatures
  A jelly (D:3)
  An adder (D:1)
  2 oozes (D:1)
  A worm (D:2)
  3 dart slugs
  4 giant cockroaches (D:2)
  9 goblins
  A hobgoblin (D:1)
  4 kobolds
  A ball python (D:1)
  5 bats
  A frilled lizard (D:1)
  5 rats
38 creatures vanquished.

Notes
Turn   | Place    | Note
-------+----------+-------------------------------------------
     0 | D:1      | raselius the Minotaur Fighter began the quest for the Orb.
     0 | D:1      | Reached XP level 1. HP: 19/19 MP: 0/0
    69 | D:1      | Reached XP level 2. HP: 22/27 MP: 1/1
   300 | D:1      | Reached XP level 3. HP: 33/33 MP: 2/2
   695 | D:2      | Found a shadowy altar of Dithmenos.
  1442 | D:3      | Reached XP level 4. HP: 12/40 MP: 3/3
  1508 | D:3      | Noticed Grinder
  1516 | D:3      | Slain by Grinder

Vault maps used:
D:1:      saegor_arrival_simple_a, minmay_tree_intersection,
          serial_bayou_crossing
D:2:      nicolae_dithmenos_shadow_blocks, kennysheep_generic_room_3
D:3:      uniq_grinder

Skill      XL: |  1  2  3 |
---------------+----------+-----
Shields        | 4 |  4.4
Armour         | 4 |  4.5
Fighting       | 4 |  4.2
Axes           | 3 |  3.3
Dodging        | |  0.7
Stealth        | |  0.1

Action                   |  1- 3 |  4- 6 || total
-------------------------+-------+-------++-------
Melee: War axe           |    87 |     2 ||    89
       Headbutt          |    12 |     1 ||    13
  Use: Scroll            |     1 |       ||     1
  Eat: Meat ration       |     1 |       ||     1
Armor: Scale mail        |    35 |     9 ||    44
Dodge: Dodged            |    23 |     1 ||    24
Block: Shield            |    43 |     1 ||    44
